 Dungeon Crawl Stone Soup version 0.28-a0-1412-gf95308ed99 (webtiles) character file.

Game seed: 8935159324776354255

13 IndexError the Caller (level 2, -3/20 HPs)
             Began as a Gnoll Summoner on Jan 7, 2022.
             Slain by a hobgoblin (5 damage)
             ... on level 1 of the Dungeon.
             The game lasted 00:00:42 (365 turns).

IndexError the Caller (Gnoll Summoner)               Turns: 365, Time: 00:00:43

Health: -3/20      AC:  2    Str:  7    XL:     2   Next: 37%
Magic:  4/7        EV: 13    Int: 14    God:
Gold:   13         SH:  0    Dex: 12    Spells: 9/10 levels left

rFire   . . .      SeeInvis .   b - +0 dagger
rCold   . . .      Faith    .   (no shield)
rNeg    . . .      Spirit   .   a - +0 robe
rPois   .          Reflect  .   (no helmet)
rElec   .          Harm     .   (no cloak)
rCorr   .          Rampage  .   (no gloves)
Will    .....                   (no boots)
Stlth   ++........              (no amulet)
HPRegen 0.06/turn               (no ring)
MPRegen 0.10/turn               (no ring)

@: no status effects
A: fangs 1, strong nose, distributed training
a: no special abilities


You were on level 1 of the Dungeon.
You visited 1 branch of the dungeon, and saw 1 of its levels.

You collected 13 gold pieces.

Inventory:

Hand Weapons
 b - a +0 dagger (weapon)
   (You took it off a goblin on level 1 of the Dungeon)
Armour
 a - a +0 robe (worn)


   Skills:
 + Level 0.4 Fighting
 + Level 0.4 Short Blades
 + Level 0.4 Long Blades
 + Level 0.4 Axes
 + Level 0.4 Maces & Flails
 + Level 0.4 Polearms
 + Level 0.4 Staves
 + Level 0.4 Slings
 + Level 0.4 Bows
 + Level 0.4 Crossbows
 + Level 0.4 Throwing
 + Level 0.4 Armour
 + Level 4.5 Dodging
 + Level 4.1 Stealth
 + Level 0.4 Shields
 + Level 0.4 Unarmed Combat
 + Level 4.9 Spellcasting
 + Level 0.2 Conjurations
 + Level 0.2 Hexes
 + Level 7.0 Summonings
 + Level 0.2 Necromancy
 + Level 0.2 Translocations
 + Level 0.2 Transmutations
 + Level 0.2 Fire Magic
 + Level 0.2 Ice Magic
 + Level 0.2 Air Magic
 + Level 0.2 Earth Magic
 + Level 0.2 Poison Magic
 + Level 0.5 Invocations
 + Level 0.4 Evocations


You had 9 spell levels left.
You knew the following spells:

 Your Spells              Type           Power      Damage    Failure   Level
a - Summon Small Mammal   Summ           92%        N/A       1%          1

Your spell library contained the following spells:

 Spells                   Type           Power      Damage    Failure   Level
 Call Imp                 Summ           23%        N/A       1%          2
 Call Canine Familiar     Summ           23%        N/A       3%          3
 Summon Guardian Golem    Hex/Summ       13%        N/A       12%         3
 Summon Lightning Spire   Summ/Air       13%        N/A       36%         4


Dungeon Overview and Level Annotations

Branches:
Dungeon (1/15)

Altars:


Innate Abilities, Weirdness & Mutations

You have very sharp teeth.
Your uncanny sense of smell can sniff out nearby items.
Your experience applies equally to all skills.


Message History

Casting: Summon Small Mammal (safe; 1% risk of failure)
Confirm with . or Enter, or press ? or * to list all spells.
The hobgoblin hits you. The dart slug launches a dart at you.
The slug dart misses you.
You take 2 damage, and have 18/20 hp.
You now have 6/7 mp.
Casting: Summon Small Mammal (safe; 1% risk of failure)
Confirm with . or Enter, or press ? or * to list all spells.
The giant cockroach waves its antennae.
The hobgoblin hits you.
You take 4 damage, and have 14/20 hp.
You now have 5/7 mp.
You hit the hobgoblin but do no damage. The hobgoblin barely misses you.
You hit the hobgoblin but do no damage. The hobgoblin closely misses you.
The dart slug launches a dart at you. The slug dart hits your rat.
Your rat's corpse disappears in a puff of smoke!
You hit the hobgoblin but do no damage. The hobgoblin misses you.
You swap places.
Your bat hits the hobgoblin.
Your bat barely misses the giant cockroach.
The giant cockroach completely misses your bat.
Your bat barely misses the hobgoblin.
The hobgoblin hits your bat.
Your bat's corpse disappears in a puff of smoke!
Casting: Summon Small Mammal (safe; 1% risk of failure)
Confirm with . or Enter, or press ? or * to list all spells.
The giant cockroach closely misses you.
You now have 4/7 mp.
Casting: Summon Small Mammal (safe; 1% risk of failure)
Confirm with . or Enter, or press ? or * to list all spells.
Your bat hits the giant cockroach but does no damage.
The giant cockroach misses you.
You hit the giant cockroach but do no damage.
Your bat hits the giant cockroach. The giant cockroach misses you.
The hobgoblin completely misses you.
You closely miss the giant cockroach.
Your bat hits the giant cockroach but does no damage.
The giant cockroach closely misses you.
The hobgoblin hits you but does no damage.
Your rat bites the giant cockroach.
You hit the giant cockroach but do no damage.
The giant cockroach misses you.
Your bat closely misses the giant cockroach.
The hobgoblin misses you.
Your rat bites the giant cockroach but does no damage.
You barely miss the giant cockroach. Your bat misses the giant cockroach.
The giant cockroach bites you.
Your bat barely misses the hobgoblin.
The hobgoblin barely misses you.
The giant cockroach waves its antennae.
The giant cockroach barely misses you.
Your rat bites the giant cockroach but does no damage.
You take 1 damage, and have 13/20 hp.
You hit the giant cockroach.
Your bat hits the hobgoblin but does no damage. x2
The hobgoblin barely misses you.
You hit the dart slug but do no damage.
You bite the dart slug, but do no damage.
Your bat barely misses the hobgoblin.
The dart slug closely misses you. The hobgoblin completely misses you.
Your rat bites the dart slug.
You hit the dart slug but do no damage.
Your bat hits the hobgoblin but does no damage.
Your bat hits the dart slug but does no damage.
Your bat hits the dart slug. The dart slug launches a dart at you.
The slug dart hits you. The hobgoblin misses you.
Your rat bites the dart slug.
You take 4 damage, and have 10/20 hp.
You are too injured to fight recklessly!
You are too injured to fight recklessly!
You hit the dart slug but do no damage.
Your bat completely misses the hobgoblin.
Your bat hits the dart slug.
The hobgoblin hits you but does no damage.
Your rat bites the dart slug but does no damage.
The dart slug launches a dart at you. The slug dart hits you.
You take 2 damage, and have 8/20 hp.
You hit the dart slug.
Your bat hits the hobgoblin but does no damage.
Your bat hits the hobgoblin. The hobgoblin barely misses you.
Your rat bites the dart slug.
You hit the dart slug.
Your bat barely misses the hobgoblin.
Your bat completely misses the dart slug.
The dart slug launches a dart at you. The slug dart hits you.
* * * LOW HITPOINT WARNING * * *
The hobgoblin closely misses you.
Your rat bites the dart slug.
You take 6 damage, and have 2/20 hp.
MASSIVE DAMAGE!!
Your bat closely misses the hobgoblin.
You see here a dart slug corpse.
Your bat barely misses the hobgoblin.
The hobgoblin hits your bat.
Your bat's corpse disappears in a puff of smoke!
Your rat misses the hobgoblin.
Your rat bites the hobgoblin.
Casting: Summon Small Mammal (safe; 1% risk of failure)
Confirm with . or Enter, or press ? or * to list all spells.
Your rat bites the hobgoblin.
You now have 4/7 mp.
Your bat barely misses the hobgoblin.
Your bat completely misses the hobgoblin.
Your rat closely misses the hobgoblin.
The hobgoblin hits you.
You die...

############ #....#.....#
#.##.#.###.# #.##...# #.#
#.####.###.######### #.#
#.#..>........+.......
###'####+#....########.......
#.........##....@...# w......
#................g..# .......
#..........#.#>#.#b.# .......
...........#.###.#r.# .......
..............#....†##.......
.............###.....'.......
...........### ###..##.......
...........<## ##..# .......
......[....#.# ##>..# #######


You could see a hobgoblin (ally target), a friendly bat (summoned) and a
friendly rat (summoned).

Vanquished Creatures
  A giant cockroach (D:1)
  A ball python (D:1)
  A frilled lizard (D:1)
3 creatures vanquished.

Vanquished Creatures (collateral kills)
  A dart slug (D:1)
  A bat (D:1)
  An endoplasm (D:1)
  A giant cockroach (D:1)
  A goblin (D:1)
  4 rats (D:1)
9 creatures vanquished.

Grand Total: 12 creatures vanquished

Notes
Turn   | Place    | Note
-------+----------+-------------------------------------------
     0 | D:1      | IndexError the Gnoll Summoner began the quest for the Orb.
     0 | D:1      | Reached XP level 1. HP: 13/13 MP: 6/6
   246 | D:1      | Reached XP level 2. HP: 18/19 MP: 4/7
   358 | D:1      | HP: 2/20 [dart slug/slug dart (6)]
   365 | D:1      | Slain by a hobgoblin

Illustrated notes

Levels and vault maps discovered:
D:1:      onia_arrival_handbag, layout_basic

Action                   || total
-------------------------++-------
Melee: Unarmed           ||    16
       Dagger            ||    18
       Bite              ||     4
 Cast: Summon Small Mamm ||    15
 Stab: Sleeping          ||     2
Armor: Robe              ||     7
Dodge: Dodged            ||    35

Table legend: (Time is in decaauts)
 A = Elapsed time spent in this place.
 B = Non-inter-level travel time spent in this place.
 C = Inter-level travel time spent in this place.
 D = Time resting spent in this place.
 E = Time spent auto-exploring this place.
 F = Levels seen in this place.
 G = Mean time per level.
                   A        B        C        D        E       F      G
               +--------+--------+--------+--------+--------+-----+--------+
         Total |    364 |    364 |      0 |      0 |    275 |   1 |  364.0 |
       Dungeon |    364 |    364 |      0 |      0 |    275 |   1 |  364.0 |
               +--------+--------+--------+--------+--------+-----+--------+

Top non-repeatable levels by time:
     D:1: 364 daAuts

Table legend:
 A = Kills in this place as a percentage of kills in entire the game.
 B = Kills by you in this place as a percentage of kills by you in the entire game.
 C = Kills by friends in this place as a percentage of kills by friends in the entire game.
 D = Other kills in this place as a percentage of other kills in the entire game.
 E = Experience gained in this place as a percentage of experience gained in the entire game.
 F = Experience gained in this place divided by the number of levels of this place that you have seen.
                   A       B       C       D       E      F
               +-------+-------+-------+-------+-------+----------------------
         Total | 100.0 | 100.0 | 100.0 |   N/A | 100.0 |  19.0
       Dungeon | 100.0 | 100.0 | 100.0 |   N/A | 100.0 |  19.0
               +-------+-------+-------+-------+-------+----------------------
